 Dungeon Crawl Stone Soup version 0.23.2-33-g5129a83184 (webtiles) character file.

Game seed: 3739615005807444830

368 psyvane the Magician (level 6, -3/36 HPs)
             Began as an Octopode Wizard on July 5, 2019.
             Killed by divine providence
             ... invoked by an orc priest
              (14 damage)
             ... on level 5 of the Dungeon on July 6, 2019.
             The game lasted 00:30:03 (5320 turns).

psyvane the Magician (Octopode Wizard)              Turns: 5320, Time: 00:30:04

Health: -3/36      AC:  3    Str:  6    XL:     6   Next: 69%
Magic:  8/11       EV: 11    Int: 20    God:
Gold:   248        SH:  6    Dex: 13    Spells: 2/12 levels left

rFire    . . .     SeeInvis .   l - staff of cold
rCold    + . .     Gourm    .   v - +0 shield
rNeg     . . .     Faith    .   a - +0 hat
rPois    .         Spirit   .   j - amulet of magic regeneration
rElec    .         Reflect  .   r - +2 ring of protection
rCorr    .         Harm     .   (no ring)
MR       .....                  (no ring)
Stlth    +++.......             (no ring)
HPRegen  0.12/turn              (no ring)
MPRegen  0.37/turn              (no ring)
                                (no ring)
                                (no ring)

@: very slightly contaminated
A: almost no armour, stealthy swim, amphibious, 8 rings, constrict 8, camouflage
1, gelatinous body 1
a: no special abilities


You were on level 5 of the Dungeon.
You were hungry.

You visited 1 branch of the dungeon, and saw 5 of its levels.

You collected 248 gold pieces.

Inventory:

Armour
 a - a +0 hat (worn)
 v - a +0 shield (worn)
Magical Staves
 l - an uncursed staff of cold (weapon)
Jewellery
 f - a +3 amulet of reflection
 j - an amulet of magic regeneration (around mantle)
 r - a +2 ring of protection (left tentacle)
Scrolls
 k - a scroll of immolation {unknown}
 m - 2 scrolls of teleportation {unknown}
 n - 3 scrolls of remove curse {unknown}
 o - a scroll of fog {unknown}
 q - 2 scrolls of magic mapping {unknown}
 s - a scroll of fear {unknown}
 t - a scroll of identify
Potions
 b - a potion of flight
 d - a potion of invisibility
 e - a potion of cancellation
 g - 4 potions of lignification
 h - a potion of might
 i - 4 potions of curing
 p - a potion of magic
 u - a potion of ambrosia
Comestibles
 c - 6 rations


   Skills:
 * Level 3.0 Staves
 - Level 2.8 Dodging
 - Level 2.6 Stealth
 - Level 3.5 Spellcasting
 - Level 2.0 Conjurations
 - Level 2.5 Summonings
 - Level 1.0 Translocations
 - Level 3.3 Fire Magic


You had 2 spell levels left.
You knew the following spells:

 Your Spells              Type           Power        Failure   Level  Hunger
a - Magic Dart            Conj           ##..         38%         1    None
b - Blink                 Tloc           N/A          67%         2    ##.....
c - Slow                  Hex            #.......     82%         2    ##.....
d - Call Imp              Summ           ##......     45%         2    ##.....
e - Conjure Flame         Conj/Fire      ##......     67%         3    ###....

Your spell library contained the following spells:

 Spells                   Type           Power        Failure   Level  Hunger
 Mephitic Cloud           Conj/Pois/Air  #.......     91%         3    ###....


Dungeon Overview and Level Annotations

Branches:
Dungeon (5/15)
 Temple: D:4-7

Altars:
Fedhas
Nemelex Xobeh


Innate Abilities, Weirdness & Mutations

You cannot wear most types of armour.
You are very stealthy in the water. (Stealth+)
You are amphibious.
You can wear up to eight rings at the same time.
You can use your tentacles to constrict eight enemies at once.
Your skin changes colour to match your surroundings (Stealth+).
Your rubbery body absorbs attacks. (AC +1, EV +1)


Message History

The orc shouts!
An orc comes into view. It is wielding a +0 hand axe.
There is an open door here.
Casting: Call Imp (safe; 45% risk of failure)
Confirm with . or Enter, or press ? or * to list all spells.
You miscast Call Imp.
Nothing appears to happen.
An orc comes into view.
The orc priest calls down the wrath of Beogh upon you.
Pain shoots through your body!
The orc priest mumbles some strange prayers to Beogh against you.
Pain shoots through your body!
The orc priest calls down the wrath of Beogh upon you.
Beogh smites you!
* * * LOW HITPOINT WARNING * * *
You feel better.
There is a stone staircase leading down here.
You can't go up here!
The orc priest calls down the wrath of Beogh upon you.
Beogh smites you!
You die...

#.####.##..##.#
#......###.##.#
#.########.##.#
oo#####.......#.#
.o....'...o...#.#
.######o......#.#######.
#...oo............
########..########
........h@.......
################.


You could see a hound, an orc priest and an orc wizard.

Vanquished Creatures
  A crimson imp (D:4)
  An orc priest (D:5)
  A worker ant (D:4)
  5 adders
  An ooze (D:1)
  An adder skeleton (D:2)
  3 worms
  A dart slug (D:1)
  2 leopard geckos
  6 orcs
  7 bats
  2 giant cockroaches
  5 goblins (D:3)
  9 hobgoblins
  2 jackals (D:4)
  A ball python (D:3)
  2 frilled lizards (D:1)
  A giant cockroach zombie (D:5)
  A jackal skeleton (D:4)
  8 kobolds
  A leopard gecko skeleton (D:2)
  5 rats
66 creatures vanquished.

Vanquished Creatures (collateral kills)
  An ice beast (D:5)
  An orc wizard (D:5)
  A centaur skeleton (D:4)
  An orc priest (D:3)
  An iguana (D:4)
  An adder (D:2)
  A shadow imp (D:5)
  An adder skeleton (D:4)
  7 orcs
  6 goblins (D:3)
  5 hobgoblins (D:3)
26 creatures vanquished.

Grand Total: 92 creatures vanquished

Notes
Turn   | Place    | Note
-------+----------+-------------------------------------------
     0 | D:1      | psyvane the Octopode Wizard began the quest for the Orb.
     0 | D:1      | Reached XP level 1. HP: 11/11 MP: 4/4
   359 | D:1      | Reached XP level 2. HP: 11/17 MP: 0/6
   363 | D:1      | Learned a level 2 spell: Blink
   366 | D:1      | Learned a level 2 spell: Slow
   484 | D:1      | Learned a level 2 spell: Call Imp
  1206 | D:2      | Reached XP level 3. HP: 21/21 MP: 1/7
  1926 | D:2      | Reached XP level 4. HP: 13/27 MP: 1/9
  2080 | D:2      | Learned a level 3 spell: Conjure Flame
  2467 | D:3      | Found a sparkling altar of Nemelex Xobeh.
  2491 | D:3      | Reached skill level 1 in Fire Magic
  3171 | D:3      | Reached XP level 5. HP: 29/31 MP: 3/10
  3622 | D:4      | Reached skill level 1 in Staves
  4222 | D:4      | Reached XP level 6. HP: 36/36 MP: 4/11
  4617 | D:4      | Found a blossoming altar of Fedhas.
  4802 | D:5      | Entered Level 5 of the Dungeon
  5039 | D:5      | Noticed an ice beast
  5089 | D:5      | Killed an ice beast
  5320 | D:5      | Killed from afar by an orc priest

Skill      XL: |  1  2  3  4  5  6 |
---------------+-------------------+-----
Conjurations   | 2 |  2.0
Summonings     | 2 |  2.5
Fire Magic     | 2 3 |  3.3
Staves         | 2 3 |  3.0
Dodging        | |  2.8
Stealth        | |  2.6
Spellcasting   | |  3.5
Translocations | |  1.0

Action                   |  1- 3 |  4- 6 || total
-------------------------+-------+-------++-------
Melee: Unarmed           |    15 |       ||    15
       Constrict         |     7 |     9 ||    16
       Staff             |       |    31 ||    31
       Tentacles         |       |     7 ||     7
 Cast: Magic Dart        |    73 |   123 ||   196
       Call Imp          |     1 |    31 ||    32
       Blink             |     1 |     3 ||     4
       Conjure Flame     |       |     2 ||     2
  Use: Scroll            |     7 |     3 ||    10
       Potion            |       |     1 ||     1
  Eat: Chunk             |     3 |    11 ||    14
Armor: Skin              |     2 |    13 ||    15
Dodge: Dodged            |    17 |    46 ||    63
Block: Other             |     1 |       ||     1
